[Event "Late-Titled-Tuesday-Blitz-March-26-2024"]
[Site "Chess.com"]
[Date "2024.03.26"]
[Round "4"]
[White "GMG"]
[Black "Konavets"]
[Result "0-1"]
[WhiteElo "2794"]
[BlackElo "3150"]
[TimeControl "180+1"]
[EndTime "14:42:15 PDT"]
[Termination "Konavets won on time"]

1. d4 Nf6 2. c4 e5 3. dxe5 Ng4 4. e4 Nxe5 5. f4 Nec6 6. Be3 a5 7. Nf3 Na6 8. Nc3 Bc5 9. Qd2 d6 10. Bd3 Bg4 11. O-O O-O 12. Rae1 Re8 13. Bb1 a4 14. Nd4 a3 15. b3 Bb4 16. f5 f6 17. Ne6 Rxe6 18. fxe6 Nc5 19. Rc1 Bxe6 20. Qe2 Ne5 21. h3 c6 22. Nd1 Qd7 23. Nf2 Re8 24. Rfd1 Qc7 25. Kh1 Ncd7 26. Bd2 Bc5 27. Be3 Bb4 28.
Bd2 Bc5 29. Be3 Qb6 30. Bxc5 dxc5 31. Rd2 Bf7 32. Rcd1 Nf8 33. Nd3 Neg6 34. e5 f5 35. Qf2 Ne6 36. Qxf5 Nd4 37. Qf2 Ne6 38. Rf1 Rf8 39.
Qe3 Qa5 40. Rdf2 b6 41. Kh2 Qc3 42. Qc1 Qxc1 43. Rxc1 Rd8 44. Rcf1 Be8 45. g3 Nd4 46. h4 Bd7 47. h5 Nf8 48. Nf4 Nfe6 49. Re1 Ng5 50. Kg2 Bg4 51. Re3 Re8 52. e6 Ngxe6 53. Nxe6 Bxe6 54. Be4 Rc8 55. Kf1 Bh3+ 56. Ke1 Bg4 57.
Kd2 Bxh5 58. Bd3 Bg6 59. Bxg6 hxg6 60. Re7 Rd8 61. Kc3 b5 62. cxb5 cxb5 63. g4 Nc6 64. Rc7 b4+ 65. Kc4 Ne5+ 66. Kb5 Rb8+ 67.
Ka6 c4 68. bxc4 b3 69. axb3 Nd3 70. Rf1 a2 0-1

[Event "Late-Titled-Tuesday-Blitz-March-26-2024"]
[Site "Chess.com"]
[Date "2024.03.26"]
[Round "4"]
[White "b_6"]
[Black "Iuckyducky"]
[Result "1/2-1/2"]
[WhiteElo "2493"]
[BlackElo "2314"]
[TimeControl "180+1"]
[EndTime "14:42:25 PDT"]
[Termination "Game drawn - insufficient material"]

1. d4 d5 2. c4 c6 3. cxd5 cxd5 4. Bf4 Nc6 5. e3 Nf6 6. Nc3 Bf5 7. Nf3 e6 8. Ne5 Bd6 9. Bb5 Rc8 10. O-O O-O 11. Qa4 Bxe5 12. dxe5 Nh5 13. Rfd1 a6 14. Be2 Nxf4 15. Qxf4 Qc7 16. Nxd5 exd5 17. Qxf5 Ne7 18. Qh5 g6 19. Qg5 Rcd8 20. Rac1 Qd7 21. Bf3 Qe6 22. Bg4 Nf5 23. Bxf5 Qxe5 24. e4 Kh8 25. Rxd5 Rxd5 26. exd5 Qxf5 27. Qxf5 gxf5 28. f4 Kg7 29. d6 Rd8 30.
Rd1 Kf6 31. d7 Ke7 32. Rd5 Ke6 33. Rd2 Rxd7 34. Rxd7 Kxd7 35. Kf2 Kd6 36. Ke3 Kd5 37. Kd3 Kc5 38. a3 a5 39. Kc3 a4 40. Kd3 Kd5 41. g3 b6 42. h3 h6 43. Kc3 Kc5 44. b4+ axb3 45. Kxb3 Kd4 46. Kb4 Ke3 47. Kb5 Kf3 48. Kxb6 Kxg3 49. a4 Kxf4 50. a5 Kg3 51. a6 f4 52. a7 f3 53. a8=Q f2 54. Qa3+ Kg2 55. Qb2 Kg1 56. Qd4 Kg2 57. Qg7+ Kxh3 58. Qxf7 Kg2 59.
Qg6+ Kh2 60. Qxh6+ Kg1 61. Qg5+ Kh1 62. Qh4+ Kg2 63. Qg4+ Kh1 64. Qf3+ Kg1 65. Qg3+ Kh1 66. Qh3+ Kg1 67. Qe3 Kg2 68. Qe2 Kg1 69. Qe3 Kg2 70. Qd2 Kg1 71. Qg5+ Kh1 72. Qh4+ Kg2 73. Qg4+ Kh2 74.
Qf3 Kg1 75. Kc5 f1=Q 76. Qxf1+ Kxf1 1/2-1/2

[Event "Late-Titled-Tuesday-Blitz-March-26-2024"]
[Site "Chess.com"]
[Date "2024.03.26"]
[Round "4"]
[White "Blackmind96"]
[Black "HajiyevKanan"]
[Result "1-0"]
[WhiteElo "2738"]
[BlackElo "2540"]
[TimeControl "180+1"]
[EndTime "14:42:44 PDT"]
[Termination "Blackmind96 won by resignation"]

1. d4 d5 2. c4 c6 3. Nf3 Nf6 4. Nc3 a6 5. a4 g6 6. Bg5 Bg7 7. e3 O-O 8. h3 Ne4 9. Bf4 Nd7 10. cxd5 Nxc3 11. bxc3 cxd5 12. Qb3 e6 13. Be2 Nb8 14. Bxb8 Rxb8 15. Bxa6 Qc7 16. Bb5 Bd7 17. Bxd7 Qxd7 18. c4 dxc4 19. Qxc4 Rfc8 20. Qb3 b5 21. O-O bxa4 22.
Qxa4 Qxa4 23. Rxa4 Rb7 24. Rfa1 h6 25. Ra8 Rxa8 26. Rxa8+ Kh7 27. g4 g5 28. Kg2 Rb2 29. Ra7 Kg6 30. Ra6 Kh7 31. Ne1 Rd2 32. Nf3 Rd1 33. h4 gxh4 34. Nxh4 Bf6 35. Nf3 Kg6 36.
Ra2 h5 37. g5 Bg7 38. Ra5 Rb1 39.
Nh4+ Kh7 40. Ra6 Rb5 41. f4 Rb3 42. Kf2 Rb2+ 43. Kf3 Rb3 44. Ke4 Rb1 45. g6+ fxg6 46. Rxe6 Rg1 47. Nf3 Rd1 48. f5 gxf5+ 49. Kxf5 h4 50.
Ng5+ Kg8 51. Re8+ Bf8 52. Ne6 Rf1+ 53. Kg4 Rg1+ 54. Kxh4 Kf7 55. Rxf8+ Kxe6 56. Rf4 Kd5 57. Rg4 Re1 58. Rg5+ Kd6 59. Re5 Rg1 60. Kh3 Rg6 61. Kh4 Rg7 62. Rg5 Re7 63. Rg3 Rh7+ 64. Kg4 Kd5 65. Kf3 Rf7+ 66. Ke2 Ke4 67. Rg4+ Kd5 68. Rg5+ Kc4 69. Rc5+ Kb4 70. Kd3 Rh7 71. Rc1 Rh2 72.
d5 Rh5 73. e4 Rh3+ 74. Kd4 Rh2 75. Rb1+ Ka5 76. d6 Rd2+ 77. Ke5 Re2 78. d7 Rd2 79.
Ke6 Ka4 80. e5 Rd1 81. Rxd1 1-0

[Event "Late-Titled-Tuesday-Blitz-March-26-2024"]
[Site "Chess.com"]
[Date "2024.03.26"]
[Round "4"]
[White "CaspiIsrael"]
[Black "Koalaskakistis"]
[Result "0-1"]
[WhiteElo "2666"]
[BlackElo "2473"]
[TimeControl "180+1"]
[EndTime "14:42:48 PDT"]
[Termination "Koalaskakistis won by checkmate"]

1. d4 f5 2. c4 Nf6 3. Nc3 e6 4.
g3 Bb4 5. Bg2 O-O 6. Nh3 d6 7.
O-O Bxc3 8. bxc3 e5 9. c5 Nc6 10. cxd6 cxd6 11. dxe5 dxe5 12. Qb3+ Kh8 13. Ng5 Qc7 14. Ba3 Na5 15. Ne6 Bxe6 16. Qxe6 Rfe8 17. Qxf5 Qxc3 18. Bd6 Nc4 19. Bc5 e4 20. Rac1 Qe5 21.
Qxe5 Nxe5 22. Rfd1 Nc6 23. Rd6 Re5 24. h3 Kg8 25. Be3 Kf7 26. g4 h6 27. Kh2 Ra5 28.
Rd2 Re8 29. Kg3 Re7 30. h4 Ra3 31. g5 hxg5 32. hxg5 Nd7 33. Kf4 Ra4 34. Rcd1 Nde5 35. Rc2 Ng6+ 36. Kg4 Nce5+ 37. Kg3 Nc4 38. Bc5 Re5 39.
Rd7+ Kg8 40. Rd8+ Kf7 41. Rd7+ Ke8 42. Rc7 Rxg5+ 43. Kh2 Nf4 44. Bxe4 Ra6 45. Rc8+ Kd7 46. Rh8 Rxc5 47. e3 Ne6 48. Bxb7 Rb6 49. Bc8+ Ke7 50. Bxe6 Rxe6 51. Kg3 Rg6+ 52. Kh2 a5 53. Rh4 Rgc6 54. a4 Nb6 55. Re4+ Kd6 56. Rd2+ Rd5 57.
Rb2 Nd7 58. Rg4 g5 59. Kg3 Nf6 60. Rd4 Rxd4 61. exd4 Rc3+ 62. f3 Rc4 63. Rb6+ Ke7 64. Rb5 Rxa4 65. Rxg5 Ra3 66. Re5+ Kd6 67. Kf4 a4 68. Ra5 Ra1 69. Ra6+ Ke7 70. Ke5 Nd7+ 71. Kf5 a3 72. f4 a2 73. d5 Nb6 74. d6+ Kd7 75. Rxb6 Rb1 76. Ra6 a1=Q 77. Rxa1 Rxa1 78. Ke5 Ra5+ 79. Kf6 Kxd6 80. f5 Kd7 81. Kg6 Ke8 82.
f6 Kf8 83. Kh6 Ra6 84. Kg6 Rb6 85. Kg5 Kf7 86. Kf5 Rb5+ 87. Kg4 Kxf6 88. Kh4 Rg5 89.
Kh3 Kf5 90. Kh2 Kf4 91. Kh1 Kf3 92. Kh2 Rg6 93. Kh1 Kf2 94. Kh2 Rh6# 0-1

[Event "Late-Titled-Tuesday-Blitz-March-26-2024"]
[Site "Chess.com"]
[Date "2024.03.26"]
[Round "4"]
[White "IriBu"]
[Black "The_Machine04"]
[Result "1/2-1/2"]
[WhiteElo "2572"]
[BlackElo "2786"]
[TimeControl "180+1"]
[EndTime "14:42:50 PDT"]
[Termination "Game drawn by repetition"]

1. e4 d6 2. d4 Nf6 3. Nc3 e5 4. Nf3 Nbd7 5. Bc4 Be7 6. O-O c6 7. Re1 h6 8. a4 Qc7 9. a5 Nf8 10. dxe5 dxe5 11. b3 Ng6 12. Bb2 O-O 13. h3 Rb8 14. Qc1 b5 15. axb6 axb6 16. Nd1 b5 17.
Bf1 Be6 18. Nd2 Rfd8 19. Ne3 Bc5 20. Kh1 Ra8 21. Rxa8 Rxa8 22. Kg1 Qa7 23. Bd3 Nf4 24. Bf1 Nd7 25. Kh2 Qb6 26. g3 Ng6 27. Bg2 Ndf8 28. Nf3 f6 29. Bf1 Rd8 30. c3 Bxb3 31. c4 bxc4 32.
Bxc4+ Bxc4 33. Qxc4+ Kh7 34. Bc3 Qb5 35. Qf7 Rd7 36. Qa2 Rd3 37. Rb1 Rxc3 38. Rxb5 cxb5 39. Qd2 b4 40. Kg2 Bxe3 41. fxe3 Ne6 42. Qb2 Rxe3 43. Qxb4 Ng5 44. Nxg5+ hxg5 45. Kf2 Rd3 46. Qc4 Rd4 47. Qc6 Nf8 48. Kf3 Kg8 49. Qb7 Rd7 50. Qb3+ Kh7 51. Qb5 Rd4 52. Qc6 Kg8 53. Qb7 Nd7 54. Qc8+ Kf7 55. Qb7 Kg6 56. Qc6 Kf7 57. Qb7 Ke7 58. Qc6 g6 59. g4 Nf8 60. Qc7+ Rd7 61. Qc5+ Kf7 62. Qc4+ Kg7 63. Qc6 Re7 64. Qd6 Kf7 65. Qd5+ Ne6 66. Qc4 Rc7 67. Qd5 Ke7 68. Qa2 Rc3+ 69. Kf2 Rc7 70. Qa3+ Kf7 71. Qa2 Rd7 72. Qb3 Re7 73. Qa2 Kg7 74. Qd5 Nf4 75. Qb3 Rd7 76.
Qb5 Rf7 77. Kg3 Rc7 78. Qb6 Rc3+ 79. Kf2 Nxh3+ 80. Kf1 Nf4 81. Qb7+ Kf8 82. Qb8+ Kf7 83. Qb7+ Kg8 84. Qb8+ Kh7 85. Qd6 Rg3 86. Qe7+ Kh6 87. Qf8+ Kh7 88. Qf7+ Kh6 89. Qf8+ Kh7 90. Qf7+ Kh8 91.
Qf8+ Kh7 1/2-1/2

[Event "Late-Titled-Tuesday-Blitz-March-26-2024"]
[Site "Chess.com"]
[Date "2024.03.26"]
[Round "4"]
[White "vladoboch"]
[Black "Gentlejimmy7"]
[Result "1/2-1/2"]
[WhiteElo "2486"]
[BlackElo "2680"]
[TimeControl "180+1"]
[EndTime "14:43:03 PDT"]
[Termination "Game drawn - insufficient material"]

1. e4 c6 2. d4 d5 3. e5 c5 4.
dxc5 e6 5. Nf3 Bxc5 6. a3 Ne7 7. b4 Bb6 8. Bb2 O-O 9. Bd3 Ng6 10. g3 Nd7 11. O-O a5 12. Nbd2 axb4 13. axb4 Rxa1 14. Qxa1 Qe7 15. h4 Rd8 16. h5 Ngf8 17. c4 Qxb4 18. cxd5 Qg4 19. Kg2 exd5 20. h6 Nc5 21. Bc2 Nfe6 22. Rh1 Nf4+ 23. Kf1 Nfd3 24. Rh4 Qg6 25.
e6 Bxe6 26. Ne5 Qf5 27. Nxd3 Nxd3 28. Bd4 Bxd4 29. Qxd4 Qxf2+ 30. Qxf2 Nxf2 31. Kxf2 gxh6 32. Rxh6 Ra8 33. Bxh7+ Kg7 34. Rh4 Ra2 35. Ke3 d4+ 36.
Kd3 Ra3+ 37. Kxd4 Rxg3 38. Be4 b5 39. Nf3 b4 40. Ke5 b3 41. Rh7+ Kg8 42. Rh2 Kf8 43.
Nd4 Rg5+ 44. Kf6 Rg3 45. Rh8+ Rg8 46. Nxe6+ fxe6 47. Rh7 Rg4 48. Ra7 Rf4+ 49. Ke5 Rf2 50. Kxe6 b2 51. Rb7 Re2 52. Kf5 Ke8 53. Ke5 Kd8 54. Kd4 Ke8 55. Bc6+ Kd8 56. Bf3 Re1 57. Rxb2 Ke7 58. Rb7+ Kf6 59. Be4 Rd1+ 60. Ke3 Re1+ 61. Kf4 Rf1+ 62. Bf3 Ke6 63. Rb6+ Ke7 64. Ke4 Re1+ 65.
Kf5 Ke8 66. Be4 Re2 67. Ke5 Ke7 68. Rb7+ Ke8 69. Kd5 Re1 70. Rb4 Kf8 71. Ke6 Kg7 72. Rb7+ Kh6 73. Kf5 Rf1+ 74. Kg4 Rg1+ 75. Kf4 Rf1+ 76.
Bf3 Kg6 77. Rb6+ Kf7 78. Ke4 Rf2 79. Ke3 Rf1 80. Bd5+ Ke7 81. Bc4 Re1+ 82. Kd4 Kd7 83.
Bd3 Rd1 84. Rh6 Ke7 85. Rh7+ Kf6 86. Ra7 Re1 87. Ra6+ Kf7 88. Rb6 Ke7 89. Rb7+ Kf6 90. Rb1 Rxb1 91. Bxb1 1/2-1/2

[Event "Late-Titled-Tuesday-Blitz-March-26-2024"]
[Site "Chess.com"]
[Date "2024.03.26"]
[Round "4"]
[White "hansen"]
[Black "Budisavljevic"]
[Result "1-0"]
[WhiteElo "2969"]
[BlackElo "2784"]
[TimeControl "180+1"]
[EndTime "14:43:08 PDT"]
[Termination "hansen won by resignation"]

1. Nf3 d5 2. g3 c5 3. Bg2 Nf6 4. O-O e6 5. c4 d4 6. e3 Nc6 7. Re1 Bd6 8. exd4 cxd4 9. d3 O-O 10. a3 a5 11. Bg5 h6 12. Bxf6 Qxf6 13. Nbd2 Qe7 14.
Nh4 Bc7 15. Rc1 Rd8 16. c5 a4 17. Re2 Ra5 18. Qc2 Bb8 19. Nf5 Qf8 20. Nd6 Bxd6 21.
cxd6 Rxd6 22. Ne4 Rd8 23. Qd2 Rb5 24. Qc2 Ra5 25. Qd2 Rb5 26. Qd1 f5 27. Nd2 Rxb2 28. Qxa4 Bd7 29. Qd1 Kh8 30. Nc4 Rxe2 31. Qxe2 Qc5 32.
Qe1 Ra8 33. h4 Rc8 34. h5 Ne7 35. Rb1 Bc6 36. Qxe6 Bxg2 37. Kxg2 b5 38. Nd6 Rb8 39. Nf7+ Kh7 40. Ne5 Qd5+ 41. Qxd5 Nxd5 42. Nc6 Ra8 43. Rxb5 Nf6 44. Nxd4 Rxa3 45. Nxf5 Rxd3 46. Ne3 Rd7 47. g4 Ne4 48. Kf3 Ng5+ 49. Ke2 Ra7 50. Rb2 Ne4 51. Rc2 Nf6 52. Kf3 Ra3 53. Kg2 Ra4 54. Kg3 Ra3 55. Kf4 Ra4+ 56. Kf3 Ra3 57. Rc5 Rb3 58. Rf5 Ra3 59. Re5 Rb3 60. Kf4 Rb4+ 61. Kg3 Rb3 62. Kg2 Rb4 63. f3 Rb3 64. Nf5 Rb2+ 65. Kg3 Rb3 66. Re7 Kh8 67. Nxg7 Nd5 68. Ra7 Ne3 69.
Ne6 Nf1+ 70. Kf4 Nd2 71. Nd4 Rd3 72. Ra4 Rc3 73. Ra8+ Kg7 74. Nf5+ Kf6 75. Ra6+ Kf7 76. Nxh6+ Ke8 77. Nf5 Rxf3+ 78. Kg5 Ne4+ 79. Kg6 Rf4 80. Nh6 Kf8 81. Rc6 Ke7 82. Ra6 Ke8 83. g5 Rf3 84.
Ra4 Nd6 85. Rd4 Ke7 86. Ng8+ Ke6 87. h6 Nf5 88. Re4+ Kd5 89. Nf6+ Kc5 90. h7 Nd6 91. h8=Q 1-0

[Event "Late-Titled-Tuesday-Blitz-March-26-2024"]
[Site "Chess.com"]
[Date "2024.03.26"]
[Round "4"]
[White "GMKrikor"]
[Black "Statham_01"]
[Result "0-1"]
[WhiteElo "2821"]
[BlackElo "2620"]
[TimeControl "180+1"]
[EndTime "14:43:10 PDT"]
[Termination "Statham_01 won by checkmate"]

1. Nf3 d5 2. c4 d4 3. b4 a5 4. b5 c5 5. g3 f6 6. Bg2 e5 7.
d3 a4 8. O-O Bd6 9. e3 Ne7 10.
Nbd2 O-O 11. Re1 Bf5 12. Qc2 Nd7 13. Nh4 Qc7 14. Nxf5 Nxf5 15. Bh3 Ne7 16. Ne4 f5 17. Ng5 Rf6 18. Bg2 h6 19. Nf3 Raf8 20. Nd2 Rg6 21. Qxa4 Nf6 22. Qc2 h5 23. Nf3 e4 24. Nh4 Rg4 25.
exd4 Rxh4 26. gxh4 Bxh2+ 27. Kf1 Ng4 28. Bg5 Ng6 29.
dxc5 Qxc5 30. Re2 f4 31. Rxe4 f3 32. Bh3 N6e5 33. d4 Qc8 34. Bxg4 Nxg4 35. c5 Bc7 36. d5 Nf6 37. Re6 Nxd5 38. Qg6 Nf4 39. Bxf4 Bxf4 40. Rae1 Qxc5 41. Re8 Qxb5+ 42. Kg1 Bd6 43. Rxf8+ Bxf8 44. Qe6+ Kh8 45. Qe4 Qb6 46. Qxf3 Qg6+ 47. Qg3 Qf6 48. Kg2 Bd6 49. Qf3 Qg6+ 50. Kh1 Kh7 51. Rg1 Qe6 52.
Qxh5+ Kg8 53. Qg4 Qd5+ 54. f3 Qe5 55. Rg2 Qe1+ 56. Rg1 Qe5 57. f4 Qe4+ 58. Rg2 Qe1+ 59.
Kh2 Qe7 60. Kh3 Qf6 61. Qg5 Qe6+ 62. Rg4 Qe3+ 63. Rg3 Qe6+ 64. f5 Qd7 65. Rf3 Be5 66. Qg4 Bf6 67. Kg2 Qd2+ 68. Rf2 Qd5+ 69. Qf3 Qd4 70.
Re2 Qxh4 71. Re4 Qg5+ 72. Rg4 Qd2+ 73. Kh3 Qh6+ 74. Kg2 Qd2+ 75. Qf2 Qd5+ 76. Kf1 Qh1+ 77. Ke2 Qd5 78. Qf3 Qxa2+ 79. Kf1 Qb1+ 80. Kg2 Qc2+ 81. Kh3 b5 82. Qd5+ Kh7 83. Qf3 Qd2 84. Rg2 Qh6+ 85.
Kg4 Qh4# 0-1

[Event "Late-Titled-Tuesday-Blitz-March-26-2024"]
[Site "Chess.com"]
[Date "2024.03.26"]
[Round "4"]
[White "LikeWater"]
[Black "Zkid"]
[Result "0-1"]
[WhiteElo "2709"]
[BlackElo "2911"]
[TimeControl "180+1"]
[EndTime "14:43:11 PDT"]
[Termination "Zkid won by checkmate"]

1. e4 c5 2. Nf3 d6 3. d4 cxd4 4. Nxd4 Nf6 5. Nc3 Nc6 6. Bc4 Qb6 7. Nb3 e6 8. Bf4 Ne5 9. Be2 a6 10. g4 Be7 11. g5 Nfd7 12. h4 Qc7 13. a4 b6 14. Qd4 Bb7 15. Be3 Nc5 16. f4 Nc6 17. Qxg7 O-O-O 18. Nxc5 dxc5 19. Qxf7 Nd4 20. Bxd4 cxd4 21.
Qxe6+ Kb8 22. Nd5 Bxd5 23. exd5 Bb4+ 24. Kd1 Ka7 25. a5 b5 26. Qb6+ Qxb6 27. axb6+ Kxb6 28. Bd3 Rxd5 29. Ke2 Bd6 30. Kf3 Rf8 31. f5 Rdxf5+ 32. Bxf5 Rxf5+ 33. Kg4 Rf2 34. Kh5 Rxc2 35. Kh6 Rc7 36.
Rad1 Rd7 37. Rhf1 Kc5 38. h5 Be5 39. Rf5 Kd6 40. g6 hxg6 41. hxg6 Ke6 42. Rf3 Bg7+ 43. Kg5 Rd5+ 44. Kg4 Rd7 45. Re1+ Kd6 46. Rf7 d3 47. Rxd7+ Kxd7 48. Rd1 Bxb2 49. Rxd3+ Kc6 50. Kf5 a5 51. Rd2 Bg7 52. Ke6 b4 53. Rc2+ Kb5 54. Rc7 Bb2 55. Rb7+ Kc4 56. Ra7 Kb5 57. Rd7 a4 58. Rd5+ Kc4 59. Re5 a3 60. g7 a2 61. g8=Q a1=Q 62. Kd6+ Kc3 63. Qg3+ Kc4 64. Qf4+ Bd4 65. Qf7+ Kc3 66.
Qf3+ Kc4 67. Qd5+ Kc3 68. Qf3+ Kc4 69. Qc6+ Kb3 70. Re4 Bc3 71. Qd5+ Ka3 72. Re2 b3 73.
Qa8+ Kb4 74. Re4+ Kb5 75. Qb7+ Ka5 76. Qd5+ Ka6 77. Qc6+ Ka5 78. Qc5+ Ka6 79. Re8 Qd1+ 80. Kc7 Ba5+ 81. Kc8 Qg4+ 82. Kb8 Qf4+ 83. Ka8 Qf3+ 84. Kb8 Qb7# 0-1

[Event "Late-Titled-Tuesday-Blitz-March-26-2024"]
[Site "Chess.com"]
[Date "2024.03.26"]
[Round "4"]
[White "Doublekk14"]
[Black "Hirna2005"]
[Result "1/2-1/2"]
[WhiteElo "2400"]
[BlackElo "2295"]
[TimeControl "180+1"]
[EndTime "14:43:34 PDT"]
[Termination "Game drawn by 50-move rule"]

1. c4 g6 2. Nc3 Bg7 3. e3 d6 4. Nf3 c5 5. d4 cxd4 6. exd4 Bg4 7. Be2 Nc6 8. Be3 Nf6 9. O-O O-O 10. h3 Bf5 11. g4 Bd7 12. Qd2 Qc8 13. Nh2 h5 14. f3 e5 15. d5 Nd4 16. Bd3 a6 17.
Ne2 Nxe2+ 18. Qxe2 b5 19. b3 bxc4 20. bxc4 e4 21.
fxe4 hxg4 22. hxg4 Nxg4 23. Nxg4 Bxg4 24. Qh2 Bh3 25.
Rf3 Qg4+ 26. Rg3 Be5 27. Rxg4 Bxh2+ 28. Kxh2 Bxg4 29. Bg5 f6 30. Bf4 Rad8 31. Rg1 Bh5 32. Rb1 Rfe8 33. Rb6 Bf3 34. Bxd6 Bxe4 35. Bxe4 Rxe4 36.
Bc7 Rde8 37. Rxf6 Rxc4 38. d6 Re2+ 39. Kg3 Rd2 40. Rxg6+ Kf7 41. Rg5 Rd3+ 42. Kh2 Rc2+ 43. Rg2 Rxg2+ 44. Kxg2 Ke6 45. a4 a5 46. Bxa5 Kxd6 47.
Be1 Rd1 48. Bf2 Ra1 49. Bg3+ Kd5 50. Kf3 Rxa4 51. Kg2 Ra3 52. Kf2 Rd3 53. Bf4 Ke4 54.
Bc7 Rd2+ 55. Kg3 Rc2 56. Bb8 Rc3+ 57. Kg4 Rc1 58. Kg5 Rf1 59. Kg6 Kd5 60. Kg5 Ke6 61.
Kg4 Rf7 62. Kg5 Rb7 63. Bf4 Rb5+ 64. Kg4 Rb4 65. Kg3 Kf5 66. Bc7 Rb3+ 67. Kf2 Ke4 68. Kg2 Rf3 69. Bb8 Ke3 70. Ba7+ Ke2 71. Bb8 Rf8 72.
Bd6 Rg8+ 73. Kh3 Kf3 74. Kh4 Rg7 75. Kh5 Rg2 76. Kh4 Rg4+ 77. Kh5 Rd4 78. Bc7 Rd7 79. Bb8 Ke4 80. Kg4 Rg7+ 81. Kh5 Kf5 82. Kh6 Rg6+ 83. Kh7 Rg4 84. Bc7 Kf6 85. Bd8+ Kf7 86. Kh6 Rd4 87. Bg5 Rd8 88. Kh5 Rd5 89. Kg4 Kg6 90. Be3 Rd3 91. Kf3 Kf5 92. Ke2 Ke4 93. Bh6 Rh3 94. Bg5 Rh2+ 95. Kd1 Kd3 96. Ke1 Re2+ 97. Kf1 Ra2 98. Ke1 Ke4 99. Bh6 Kf3 100. Kd1 Re2 1/2-1/2

[Event "Late-Titled-Tuesday-Blitz-March-26-2024"]
[Site "Chess.com"]
[Date "2024.03.26"]
[Round "4"]
[White "LeoWin2012"]
[Black "whiteglovethief"]
[Result "1/2-1/2"]
[WhiteElo "2296"]
[BlackElo "2486"]
[TimeControl "180+1"]
[EndTime "14:43:39 PDT"]
[Termination "Game drawn - insufficient material"]

1. d3 e5 2. e4 Nf6 3. Nc3 d5 4.
Bg5 d4 5. Nd5 c6 6. Nxf6+ gxf6 7. Bh4 Bb4+ 8. Ke2 Be7 9. Qd2 f5 10. Bxe7 Qxe7 11. f3 fxe4 12. dxe4 b6 13. c3 Ba6+ 14.
Kf2 Qc5 15. Bxa6 dxc3+ 16. Qe3 cxb2 17. Rb1 Nxa6 18. Rxb2 O-O-O 19. Ne2 Rd3 20. Qxc5 Nxc5 21. Rc2 Rhd8 22. Rhc1 Ra3 23. Kg1 Rad3 24. Ng3 Rd1+ 25.
Rxd1 Rxd1+ 26. Kf2 Kb7 27. Nh5 Rd6 28. Ng7 Ne6 29.
Nf5 Rd7 30. Rb2 Nd4 31. Nh6 c5 32. Ng4 Re7 33. Nf6 c4 34. Nxh7 c3 35. Rb1 Ne6 36.
Nf6 Nc5 37. Nd5 c2 38. Ra1 Rd7 39. Ke2 f5 40. Rc1 fxe4 41. Nf6 exf3+ 42. gxf3 Rf7 43. Ng4 e4 44. fxe4 Nxe4 45. Rxc2 Rg7 46. Kf3 Ng5+ 47. Kf4 Ne6+ 48. Kg3 Nd4 49. Rd2 Nb5 50. h4 Nc3 51.
Rc2 Nd5 52. Kf3 Rxg4 53. Rd2 Rxh4 54. Rxd5 Rh3+ 55. Ke4 Rh2 56. a3 Rh3 57. a4 Rh4+ 58. Kd3 Rxa4 59. Kc3 Kc6 60. Rd1 Rh4 61. Kb3 Rh3+ 62.
Kb4 a5+ 63. Ka4 Kb7 64. Rd7+ Ka6 65. Rd6 Rh4+ 66. Ka3 Kb5 67. Rd5+ Kc4 68. Rd6 Kc5 69. Rg6 a4 70. Rg5+ Kc6 71. Rg6+ Kb5 72. Rg5+ Ka6 73.
Rg6 Ka5 74. Rg5+ b5 75. Rg8 Rh3+ 76. Ka2 a3 77. Ra8+ Kb4 78. Rg8 Rh2+ 79. Ka1 Ka4 80.
Rg4+ b4 81. Rf4 Rd2 82. Rg4 Kb3 83. Rg3+ Kc2 84. Rg4 Rd1+ 85. Ka2 b3+ 86. Kxa3 Ra1+ 87. Kb4 b2 88. Rg2+ Kd1 89. Rg1+ Ke2 90. Rg2+ Kd3 91. Rxb2 Rd1 92. Rb3+ Ke2 93. Rg3 Rd3 94. Rg4 Re3 95. Kc4 Kf3 96. Rg8 Re4+ 97. Kd3 Rg4 98. Rf8+ Kg3 99. Rf1 Kh4 100. Rh1+ Kg5 101. Re1 Rg3+ 102. Re3 Rg4 103. Re4 Rxe4 104. Kxe4 1/2-1/2

[Event "Late-Titled-Tuesday-Blitz-March-26-2024"]
[Site "Chess.com"]
[Date "2024.03.26"]
[Round "4"]
[White "GMMikhailKazakov"]
[Black "Airquake"]
[Result "1/2-1/2"]
[WhiteElo "2477"]
[BlackElo "2674"]
[TimeControl "180+1"]
[EndTime "14:44:06 PDT"]
[Termination "Game drawn by repetition"]

1. d4 Nf6 2. c4 e6 3. Nc3 d5 4. cxd5 exd5 5. Bg5 Nbd7 6. e3 h6 7. Bh4 Be7 8. Bd3 O-O 9. Nge2 b6 10. O-O Bb7 11.
f3 c5 12. Bf2 Re8 13. Ng3 Bf8 14. Qd2 Rc8 15. Rad1 a6 16. Rfe1 c4 17. Bb1 b5 18.
a3 Qb6 19. e4 dxe4 20. fxe4 Ng4 21. h3 Nxf2 22. Qxf2 Rcd8 23. Rf1 Qe6 24. d5 Qe7 25. d6 Qe6 26. Nf5 Ne5 27. Qb6 Bc8 28. Nd5 Bxd6 29.
Nxd6 Rxd6 30. Nf6+ Qxf6 31. Rxf6 Rxb6 32. Rxb6 Kf8 33.
Bc2 Ke7 34. b3 c3 35. a4 bxa4 36. bxa4 Nc4 37. Rc6 Ne3 38. Rc1 Bd7 39. Rxc3 Nxc2 40. R1xc2 Bxa4 41. Rb2 Bb5 42. Rd2 Kf6 43. Rd4 Kg6 44. Rc5 Re7 45. Kf2 f6 46. Ke3 Rb7 47. g4 Bf1 48. h4 h5 49. gxh5+ Kh6 50. Rd2 Rb3+ 51. Kd4 Rb4+ 52. Ke3 Rb3+ 53. Kd4 Rh3 54. Rf2 Bb5 55. Rf4 Rh1 56. Rc7 Rd1+ 57. Kc5 Rc1+ 58. Kb6 Rg1 59. Re7 Kxh5 60. e5 fxe5 61. Rxe5+ Kh6 62.
Rd4 Rg6+ 63. Kc5 Rc6+ 64. Kb4 Rc1 65. Rde4 Rb1+ 66. Ka5 Rg1 67. Rd4 g6 68. Kb6 Rb1 69.
Ka5 Ra1+ 70. Kb6 Rf1 71. Kc5 Rf6 72. Rd6 Rf1 73. Rg5 Rc1+ 74. Kb6 Rb1 75. Rdxg6+ Kh7 76. Ka7 Re1 77. Rg7+ Kh6 78. R7g6+ Kh7 79. Rg7+ Kh6 80. Rg8 Re7+ 81. Kb6 Kh7 82. R8g6 Bd3 83. Rf6 Bb5 84. h5 Rd7 85. h6 Re7 86. Rc5 Re8 87. Rc7+ Kh8 88.
Rff7 Rb8+ 89. Ka5 Bd3 90. Rfd7 Bb1 91. Kxa6 Bg6 92. Rg7 Bb1 93. Ka7 Rd8 94. Rce7 Rf8 95. Kb6 Bd3 96. Kc5 Rc8+ 97. Kd4 Rd8+ 98. Ke5 Bb1 99.
Kf6 Ra8 100. Rg5 Ra6+ 101. Re6 Rxe6+ 102. Kxe6 Kh7 103. Rh5 Kh8 104. Rh4 Bc2 105. Rh2 Bb1 106. Kf6 Bd3 107. Kg5 Bb1 108. Rd2 Be4 109. Rd7 Bb1 110. Kf6 Bc2 111. Rc7 Bb1 112. Kg5 Bd3 113. Rg7 Bb1 114. Kf6 Bc2 115. Kg5 Bb1 116. Rb7 Bd3 117. Ra7 Bc2 118. Rb7 Bd3 119. Kf6 Bc2 120. Kg5 Bd3 1/2-1/2

[Event "Late-Titled-Tuesday-Blitz-March-26-2024"]
[Site "Chess.com"]
[Date "2024.03.26"]
[Round "5"]
[White "Mikhal867"]
[Black "cthake"]
[Result "1-0"]
[WhiteElo "2466"]
[BlackElo "1775"]
[TimeControl "180+1"]
[EndTime "14:52:34 PDT"]
[Termination "Mikhal867 won by resignation"]

1. d4 Nf6 2. c4 e6 3. g3 Bb4+ 4. Bd2 Bxd2+ 5. Nxd2 c6 6. e4 d5 7. e5 Nfd7 8. Qg4 Kf8 9. Nh3 h5 10. Qf3 Qe7 11. Nf4 Qg5 12. Nxe6+ 1-0

[Event "Late-Titled-Tuesday-Blitz-March-26-2024"]
[Site "Chess.com"]
[Date "2024.03.26"]
[Round "5"]
[White "Nechitaylo_Nikita"]
[Black "MoldyTofu"]
[Result "1-0"]
[WhiteElo "2360"]
[BlackElo "2052"]
[TimeControl "180+1"]
[EndTime "14:52:36 PDT"]
[Termination "Nechitaylo_Nikita won by resignation"]

1. d4 Nf6 2. c4 g6 3. f3 d6 4. e4 Bg7 5. Nc3 Nbd7 6. Nge2 e5 7. d5 a5 8. Be3 O-O 9. Qd2 Nc5 10. g4 Nfd7 11.
h4 f5 12. gxf5 gxf5 13. Bh6 f4 14. Rg1 Rf7 15. Bg5 Qe8 16. O-O-O h6 17. Bxh6 a4 18. Bh3 a3 1-0

[Event "Late-Titled-Tuesday-Blitz-March-26-2024"]
[Site "Chess.com"]
[Date "2024.03.26"]
[Round "5"]
[White "Boundless_Strike"]
[Black "RichardShtivelband"]
[Result "1-0"]
[WhiteElo "2622"]
[BlackElo "2461"]
[TimeControl "180+1"]
[EndTime "14:52:54 PDT"]
[Termination "Boundless_Strike won by resignation"]

1. d4 Nf6 2. Nc3 d5 3. e4 dxe4 4. f3 exf3 5. Nxf3 e6 6. Bd3 c5 7.
Be3 cxd4 8. Nxd4 Bb4 9. O-O Nc6 10. Nxc6 bxc6 11. Qf3 Bb7 12. Rad1 Qe7 13. Bg5 Qc5+ 14.
Be3 Qh5 15. Qg3 Bc5 16. Bxc5 Qxc5+ 17. Kh1 Qe7 18. Qxg7 1-0

[Event "Late-Titled-Tuesday-Blitz-March-26-2024"]
[Site "Chess.com"]
[Date "2024.03.26"]
[Round "5"]
[White "mishanick"]
[Black "steepedgames"]
[Result "1-0"]
[WhiteElo "3037"]
[BlackElo "2529"]
[TimeControl "180+1"]
[EndTime "14:53:02 PDT"]
[Termination "mishanick won by resignation"]

1. d4 f5 2. Bg5 h6 3. Bh4 g5 4. Bg3 Bg7 5. e3 Nf6 6. h4 d6 7. Bd3 Nc6 8. Nd2 e5 9. c3 Qe7 10. hxg5 hxg5 11. Rxh8+ Bxh8 12. d5 Nd8 13. c4 f4 14. Bh2 fxe3 15. fxe3 Bg4 16. Bg6+ Nf7 17. Qa4+ Qd7 18. Qxd7+ Bxd7 19. Ngf3 g4 20. Ng5 1-0

[Event "Late-Titled-Tuesday-Blitz-March-26-2024"]
[Site "Chess.com"]
[Date "2024.03.26"]
[Round "5"]
[White "Kosak12"]
[Black "cristiano78"]
[Result "1-0"]
[WhiteElo "2771"]
[BlackElo "2252"]
[TimeControl "180+1"]
[EndTime "14:53:16 PDT"]
[Termination "Kosak12 won by resignation"]

1. e4 c5 2. Nf3 d6 3. d4 cxd4 4.
Nxd4 Nf6 5. f3 g6 6. c4 Bg7 7. Nc3 O-O 8. Be3 Nc6 9. Qd2 a5 10. Ndb5 a4 11. Be2 Be6 12. Nd5 Bxd5 13. cxd5 Ne5 14.
O-O Qa5 15. Qxa5 Rxa5 16. Rfc1 Ra6 17. Nc7 Ra5 18. Bb6 Raa8 19. Nxa8 Rxa8 20. Rc7 Nfd7 21. Be3 Nc5 22. Bxc5 dxc5 23. f4 1-0

[Event "Late-Titled-Tuesday-Blitz-March-26-2024"]
[Site "Chess.com"]
[Date "2024.03.26"]
[Round "5"]
[White "enriquebutti"]
[Black "UK_23"]
[Result "0-1"]
[WhiteElo "2189"]
[BlackElo "2390"]
[TimeControl "180+1"]
[EndTime "14:53:27 PDT"]
[Termination "UK_23 won by resignation"]

1. d4 d5 2. c4 e6 3. Nf3 Nf6 4. Nc3 Be7 5. e3 O-O 6. b3 a6 7. Bd3 b6 8. Bb2 Bb7 9. O-O Nbd7 10. Qe2 c5 11. Rad1 Ra7 12. Ne5 dxc4 13. bxc4 Qa8 14. Nxd7 Nxd7 15. d5 exd5 16. cxd5 Nf6 17. e4 Re8 18. a4 Bd6 19. Bc4 Be5 20. f3 Qb8 21.
Qf2 Bxh2+ 0-1